 Dungeon Crawl Stone Soup version 0.27.0-1-g7a089689b8 (webtiles) character file.

Game seed: 4357703222738965357

65 HungrySpirit the Ducker (level 4, -5/33 HPs)
             Began as a Djinni Air Elementalist on July 31, 2021.
             Killed from afar by Natasha (6 damage)
             ... with a magic dart
             ... on level 3 of the Dungeon.
             The game lasted 00:03:14 (2230 turns).

HungrySpirit the Ducker (Djinni Air Elementalist)   Turns: 2230, Time: 00:03:14

Health: -5/33      AC:  2    Str:  8    XL:     4   Next: 35%
Gold:   57         EV: 13    Int: 17    God:
                   SH:  0    Dex: 13

rFire    + + .     SeeInvis .   e - +0 short sword
rCold    x . .     Faith    .   (no shield)
rNeg     . . .     Spirit   .   a - +0 robe
rPois    ∞         Reflect  .   (no helmet)
rElec    .         Harm     .   (no cloak)
rCorr    .         Rampage  .   (no gloves)
Will     .....                  (boots unavailable)
Stlth    ++........             (no amulet)
HPRegen  0.11/turn              (no ring)
MPRegen  0.00/turn              (no ring)

@: flying, slowed, very slow
A: sickness immunity, fire resistance 2, cold vulnerability 1, float, innate
caster, hp casting, extra vitality 1
a: no special abilities


You were on level 3 of the Dungeon.
You visited 1 branch of the dungeon, and saw 3 of its levels.

You collected 57 gold pieces.

Inventory:

Hand Weapons
 e - a +0 short sword (weapon)
Armour
 a - a +0 robe (worn)
Scrolls
 b - 2 scrolls of fear {unknown}
 c - a scroll of magic mapping {unknown}
 d - a scroll of teleportation {unknown}
 h - a scroll of identify {unknown}
 j - a scroll of amnesia {unknown}
Potions
 f - a potion of heal wounds {unknown}
 g - a potion of mutation {unknown}
 i - a potion of attraction {unknown}


   Skills:
 + Level 1.9 Fighting
 * Level 1.7 Short Blades
 + Level 3.2 Dodging
 - Level 1.5 Stealth
 - Level 2.4 Spellcasting


You couldn't memorise any spells.
You knew the following spells:

 Your Spells              Type           Power      Damage    Failure   Level
a - Shock                 Conj/Air       40%        1d5       7%          1
b - Static Discharge      Conj/Air       10%        N/A       11%         2
c - Swiftness             Air            10%        N/A       21%         3
d - Airstrike             Air            5%         N/A       56%         4
e - Sandblast             Erth           20%        2d7       7%          1
Your spell library was empty.

Dungeon Overview and Level Annotations

Branches:
Dungeon (3/15)

Altars:

Portals:
Sewer: D:3

Annotations:
D:3 Natasha


Innate Abilities, Weirdness & Mutations

You are immune to sickness and miasma.
You are immune to poison.
Your flesh is very heat resistant. (rF++)
You are vulnerable to cold. (rC-)
You float through the air rather than walking.
You learn spells naturally, not from books.
Your magical power is your life essence.
You have superior vitality. (+4 HP)


Message History

Aiming: Shock (safe; 7% risk of failure)
Press: ? - help, Shift-Dir - straight line, f/p - Natasha
Aim: Natasha (severely wounded, 60% to hit)
The zap hits Natasha.
Natasha is almost dead.
The zap hits the iron imp.
The iron imp resists.
The iron imp is lightly wounded.
Natasha closely misses you.
Unknown command.
Casting: Shock (safe; 7% risk of failure)
Confirm with . or Enter, or press ? or * to list all spells.
Aiming: Shock (safe; 7% risk of failure)
Press: ? - help, Shift-Dir - straight line, p - Natasha The zap misses Natasha.
The iron imp disappears in a puff of smoke!
Natasha claws you! The iron imp closely misses you. Natasha misses you.
The iron imp barely misses you.
Casting: Shock (safe; 7% risk of failure)
Confirm with . or Enter, or press ? or * to list all spells.
Aiming: Shock (safe; 7% risk of failure)
Press: ? - help, Shift-Dir - straight line The zap misses Natasha.
* * * LOW HITPOINT WARNING * * *
Natasha closely misses you. The iron imp closely misses you.
Unknown command.
Unknown command.
Casting: Shock (safe; 7% risk of failure)
Confirm with . or Enter, or press ? or * to list all spells.
Aiming: Shock (safe; 7% risk of failure)
Press: ? - help, Shift-Dir - straight line The zap hits Natasha.
Natasha is almost dead.
* * * LOW HITPOINT WARNING * * *
Natasha casts a spell at you. The magic dart hits you!
* * * LOW HITPOINT WARNING * * *
The iron imp misses you. Natasha casts a spell at you. The magic dart hits you.
You die...

...#########...........#
#...###(##### #.#.....#
#.##..########
#.##..#.......
#.###......... ..## #.#
#......... .....######.#
#......... #...@##..#
#.........
####5h#.####.........
##..........<.....
###†#......<.....
#...#.#.>#.......
#........######.#
#..#≈..#..# .... ≈≈≈≈. .
...#≈ ≈≈≈≈≈#


You could see an iron imp (summoned) and Natasha.

Vanquished Creatures
  3 adders
  2 dart slugs
  3 bats
  3 endoplasms (D:1)
  A giant cockroach (D:1)
  6 goblins
  A jackal (D:3)
  4 kobolds
  2 quokkas
  4 ball pythons
  3 frilled lizards
  A rat (D:2)
33 creatures vanquished.

Notes
Turn   | Place    | Note
-------+----------+-------------------------------------------
     0 | D:1      | HungrySpirit the Djinni Air Elementalist began the quest
                  | for the Orb.
     0 | D:1      | Reached XP level 1. HP: 15/15 MP: 0/0
   306 | D:1      | Reached skill level 1 in Fighting
   306 | D:1      | Reached XP level 2. HP: 16/22 MP: 0/0
  1026 | D:1      | Reached XP level 3. HP: 27/27 MP: 0/0
  1026 | D:1      | Learned a level 1 spell: Sandblast
  1065 | D:2      | Found a faded altar of an unknown god.
  1517 | D:2      | Reached skill level 1 in Short Blades
  1525 | D:2      | Reached skill level 3 in Dodging
  1842 | D:2      | Reached XP level 4. HP: 26/33 MP: 0/0
  2210 | D:3      | Found a glowing drain.
  2210 | D:3      | Noticed Natasha
  2230 | D:3      | HP: 1/33 [Natasha/magic dart (8)]
  2230 | D:3      | Killed from afar by Natasha

Illustrated notes

Levels and vault maps discovered:
D:1:      dpeg_arrival_chambers_temple_mockup, layout_rooms
D:2:      layout_basic, hellmonk_ecumenical_altar_arch_garden
D:3:      minmay_evil_eye, layout_rooms, gammafunk_ghost_gnarly_gnolls,
          cheibrodos_sewer_entry_drain, uniq_natasha, uniq_crazy_yiuf_cottage

Skill      XL: |  1  2  3 |
---------------+----------+-----
Fighting       | 1 |  1.9
Short Blades   | 1 |  1.7
Dodging        | 3 |  3.2
Stealth        | |  1.5
Spellcasting   | |  2.4

Action                   |  1- 3 |  4- 6 || total
-------------------------+-------+-------++-------
Melee: Dagger            |    22 |       ||    22
       Short sword       |    42 |    35 ||    77
 Cast: Shock             |    33 |     9 ||    42
 Stab: Sleeping          |     3 |       ||     3
Armor: Robe              |    17 |    10 ||    27
Dodge: Dodged            |    51 |    57 ||   108
